 Dungeon Crawl Stone Soup version 0.20.1-1-g8b1a95d (webtiles) character file.

1107 HuneSparrow the Skirmisher (level 8, -7/64 HPs)
             Began as a Demonspawn Fighter on July 20, 2017.
             Mangled by an iguana (11 damage)
             ... on level 6 of the Dungeon.
             The game lasted 00:12:56 (5015 turns).

HuneSparrow the Skirmisher (Demonspawn Fighter)     Turns: 5015, Time: 00:12:58

Health: -7/64      AC:  8    Str: 19    XL:     8   Next: 11%
Magic:  8/8        EV: 12    Int:  9    God:
Gold:   173        SH: 10    Dex: 18    Spells: 7/7 levels left

rFire    + . .     SeeInvis .   a - +0 long sword
rCold    . . .     Gourm    .   c - +0 shield
rNeg     . . .     Faith    .   b - +0 scale mail
rPois    .         Spirit   .   (helmet restricted)
rElec    .         Reflect  .   s - +0 cloak
rCorr    .         Harm     .   (no gloves)
MR       .....                  (no boots)
Stlth    +.........             (no amulet)
Regen    0.2/turn               A - ring of protection from fire
MPRegen  0.2/turn               (no ring)

@: agile, lethally poisoned (-7 -> -8)
A: hooves 1, horns 1, powered by pain 2, spiny 1
a: no special abilities


You were on level 6 of the Dungeon.
You were not hungry.

You visited 1 branch of the dungeon, and saw 6 of its levels.

You collected 173 gold pieces.

Inventory:

Hand Weapons
 a - a +0 long sword (weapon)
Armour
 b - a +0 scale mail (worn)
 c - a +0 shield (worn)
 m - a cursed +0 helmet
 s - a +0 cloak (worn)
 H - a +0 pair of boots
Jewellery
 k - an uncursed ring of ice
 A - a ring of protection from fire (left hand)
 I - an uncursed ring of ice
Wands
 w - a wand of enslavement (18/24)
 B - a wand of paralysis (13/24)
Scrolls
 e - 7 scrolls of identify {unknown}
 h - 3 scrolls of magic mapping {unknown}
 i - a scroll of fog {unknown}
 n - 5 scrolls of remove curse {unknown}
 u - a scroll of blinking {unknown}
 v - 4 scrolls of immolation {unknown}
 x - a scroll of amnesia {unknown}
 y - 2 scrolls of noise {unknown}
 D - a scroll of teleportation {unknown}
Potions
 g - a potion of haste {unknown}
 j - 2 potions of mutation {unknown}
 o - 2 potions of curing
 p - a potion of magic {unknown}
 q - a potion of lignification {unknown}
 t - 2 potions of brilliance {unknown}
 z - a potion of heal wounds {unknown}
 C - a potion of invisibility {unknown}
 G - a potion of agility {unknown}
Books
 E - a book of Conjurations

   Spells                             Type                      Level
   a - Magic Dart                     Conjuration                  1
   b - Searing Ray                    Conjuration                  2
   c - Dazzling Spray                 Conjuration/Hexes            3
   d - Fulminant Prism                Conjuration/Hexes            4
   e - Force Lance                    Conjuration/Translocation    4
   f - Iskenderun's Mystic Blast      Conjuration                  4
 F - a book of Maledictions

   Spells                             Type                      Level
   a - Corona                         Hexes                        1
   b - Ensorcelled Hibernation        Hexes/Ice                    2
   c - Confuse                        Hexes                        3
   d - Tukima's Dance                 Hexes                        3
   e - Dazzling Spray                 Conjuration/Hexes            3
Comestibles
 d - 8 chunks of flesh
 f - 3 bread rations
 l - 2 royal jellies
 r - 2 meat rations


   Skills:
 + Level 5.7 Fighting
 + Level 4.7 Long Blades
 + Level 4.9 Armour
 + Level 5.0 Shields


You had 7 spell levels left.
You didn't know any spells.

Dungeon Overview and Level Annotations

Branches:
Dungeon (6/15)             Temple (0/1) D:6

Altars:
Ashenzari
Fedhas
Hepliaklqana
Nemelex Xobeh
Okawaru
Xom
The Shining One

Shops:
D:4 *:[?


Innate Abilities, Weirdness & Mutations

You have large cloven feet.
You have a pair of small horns on your head.
You sometimes gain power by taking damage.
You are partially covered in sharp spines.


Message History

You feel sick.
The iguana hisses angrily.
The scorpion is struck by your spines. The scorpion barely misses you.
The leopard gecko closely misses you.
You riposte.
You closely miss the leopard gecko. You kick the leopard gecko.
You kill the leopard gecko!
The scorpion barely misses you.
You feel sick. The scorpion is struck by your spines.
You kill the scorpion!
You feel sick.
You feel a little less mighty now.
You feel sick. You block the iguana's attack. You block the iguana's attack.
You feel sick. You block the iguana's attack.
The iguana is struck by your spines.
The iguana bites you but does no damage.
You feel sick. You block the iguana's attack. You block the iguana's attack.
The iguana is struck by your spines. The iguana bites you!
You die...

.## #.# ..# #.# #... ..##
##.## ##..# ...###...#
##...# <........###....##
## ...............(.# ...
.................# ....
...............†.####....
................@l#...⌠..
.............##.........(
#########....###....⌠.>.⌠
##...####........
##...###.....⌠..
##......(......
#.........####
##.)....### #..)...##


You could see an iguana.

Vanquished Creatures
  An orc warrior (D:6)
  An ice beast (D:5)
  3 scorpions
  A howler monkey (D:6)
  2 crimson imps
  A hound (D:5)
  3 orc priests (D:5)
  3 orc wizards
  A centaur skeleton (D:3)
  An iguana (D:3)
  5 worker ants
  Natasha (twice) (D:2)
  A hound zombie (D:5)
  3 gnolls (D:6)
  A howler monkey skeleton (D:4)
  5 adders
  A shadow imp (D:6)
  3 adder skeletons
  3 worms
  2 dart slugs
  6 leopard geckos
  14 orcs
  2 ball pythons
  5 giant cockroaches
  7 goblins
  9 hobgoblins
  2 quokkas
  8 bats
  6 frilled lizards
  5 kobolds
  A quokka skeleton (D:4)
  A quokka zombie (D:5)
  6 rats
115 creatures vanquished.

Notes
Turn   | Place    | Note
-------+----------+-------------------------------------------
     0 | D:1      | HuneSparrow the Demonspawn Fighter began the quest for the Orb.
     0 | D:1      | Reached XP level 1. HP: 18/18 MP: 1/1
   370 | D:1      | Gained mutation: You have large cloven feet. [demonic ancestry]
   370 | D:1      | Reached XP level 2. HP: 22/24 MP: 2/2
   912 | D:2      | Noticed Natasha
   921 | D:2      | Killed Natasha
   921 | D:2      | Gained mutation: You sometimes gain a little power by taking damage. [demonic ancestry]
   921 | D:2      | Reached XP level 3. HP: 19/29 MP: 3/3
  1180 | D:2      | Noticed Natasha
  1191 | D:2      | Killed Natasha
  1191 | D:2      | Gained mutation: You are partially covered in sharp spines. [demonic ancestry]
  1191 | D:2      | Reached XP level 4. HP: 31/37 MP: 4/4
  1686 | D:2      | Found a sparkling altar of Nemelex Xobeh.
  1686 | D:2      | Found an iron altar of Okawaru.
  1947 | D:3      | Found a shattered altar of Ashenzari.
  2231 | D:3      | Found a hazy altar of Hepliaklqana.
  2278 | D:3      | Reached XP level 5. HP: 32/42 MP: 5/5
  2958 | D:4      | Reached XP level 6. HP: 42/49 MP: 6/6
  3103 | D:4      | Found Lapp's General Store.
  3104 | D:4      | Found Nolunt's Book Shop.
  3108 | D:4      | Found Pisos's Antique Armour Shop.
  3108 | D:4      | Found Neom's Magic Scroll Shop.
  3424 | D:4      | Found a shimmering altar of Xom.
  3424 | D:4      | Found a blossoming altar of Fedhas.
  3825 | D:5      | Entered Level 5 of the Dungeon
  4168 | D:5      | Found a glowing golden altar of the Shining One.
  4231 | D:5      | Noticed an ice beast
  4247 | D:5      | Killed an ice beast
  4247 | D:5      | Reached skill level 5 in Fighting
  4247 | D:5      | Gained mutation: You sometimes gain power by taking damage. [demonic ancestry]
  4247 | D:5      | Reached XP level 7. HP: 56/56 MP: 7/7
  4973 | D:6      | Gained mutation: You have a pair of small horns on your head. [demonic ancestry]
  4973 | D:6      | Reached XP level 8. HP: 15/64 MP: 8/8
  4975 | D:6      | Reached skill level 5 in Shields
  4988 | D:6      | Found a staircase to the Ecumenical Temple.
  5015 | D:6      | Mangled by an iguana

Skill      XL: |  1  2  3  4  5  6  7  8 |
---------------+-------------------------+-----
Long Blades    | 2 3 4 |  4.7
Armour         | 3 4 |  4.9
Shields        | 3 4 5 |  5.0
Fighting       | 4 5 |  5.7

Action                   |  1- 3 |  4- 6 |  7- 9 || total
-------------------------+-------+-------+-------++-------
Melee: Long sword        |    67 |   183 |    67 ||   317
       Kick              |     5 |    48 |    21 ||    74
  Use: Potion            |       |       |     1 ||     1
  Eat: Chunk             |     1 |    10 |     3 ||    14
Armor: Scale mail        |    36 |    76 |    32 ||   144
Dodge: Dodged            |    22 |    41 |    22 ||    85
Block: Shield            |    38 |   106 |    45 ||   189
       Rpst.: Long sword |     7 |    15 |     5 ||    27
